cohdb
Replays
Latest Replays
All Replays
Popular Replays
Top Player Replays
Match Explorer
How It Works
Community
CoH3 Stats
Reddit
Sign in to upload your games and track your stats! →
Sign in with Steam
Match 40344719
Unlisted
Match 40344719
Overview
Messages
Build Orders
End
Engineer Squad
Construct Barracks
Selects Heavy Weapons
Riflemen Squad
Riflemen Squad
Grenade Package
Construct Weapon Support Center
Selects M2HB .50cal Heavy Machine Gun
Selects Assault Carriers
M1919 Machine Gun Team
Bazooka Squad
M1919 Machine Gun Team
Infantry Support Center
M3 Assault Carrier
Selects Halftrack Strongpoints
Engineer Squad
Bazooka Squad
Mortar Pit
Mortar Pit
M1918 Browning Automatic Rifles
Mortar Pit
Selects M26 Pershing Heavy Tank
M26 Pershing Heavy Tank
Improved M9 Bazooka Rockets
Engineer Squad
Selects Gallant Stand
Selects Black Dragon Artillery Barrage
Black Dragon Artillery Barrage
SgtSteiner
Jun
DEADLOCK REFUGEE
Pokus
0
0
Comments
sign in to comment!
No comments posted yet!